 Dungeon Crawl Stone Soup version 0.18.1-50-g88ac8fd (console) character file.

38 CALLOUS the Magician (level 3, -2/22 HPs)
             Began as a Deep Elf Fighter on Oct 8, 2016.
             Slain by a worm (10 damage)
             ... on level 1 of the Dungeon.
             The game lasted 00:33:44 (2799 turns).

CALLOUS the Magician (Deep Elf Fighter)             Turns: 2799, Time: 00:33:45

Health: -2/22      AC:  4    Str: 13    XL:     3   Next: 25%
Magic:  9/9        EV: 10    Int: 12    God:
Gold:   80         SH:  8    Dex: 15    Spells: 0 memorised, 7 levels left

rFire  + . .     SeeInvis .     a - +0 rapier
rCold  . . .     Gourm    .     s - +1 leather armour {rF+}
rNeg   . . .     Faith    .     c - +0 shield
rPois  .         Spirit   .     (no helmet)
rElec  .         Dismiss  .     (no cloak)
rCorr  .         Reflect  .     (no gloves)
SustAt .         Harm     .     (no boots)
MR     .....                    (no amulet)
Stlth  +.........               (no ring)
                                (no ring)

@: not resistant to hostile enchantments, very unstealthy
A: no striking features
a: no special abilities


You were on level 1 of the Dungeon.
You were not hungry.

You visited 1 branch of the dungeon, and saw 2 of its levels.

You collected 80 gold pieces.

Inventory:

Hand Weapons
 a - a +0 rapier (weapon)
Missiles
 g - 18 bolts
 j - 16 stones (quivered)
Armour
 c - a +0 shield (worn)
 s - a +1 leather armour of fire resistance (worn)
Scrolls
 k - 3 scrolls of enchant armour {unknown}
 l - a scroll of random uselessness {unknown}
 m - a scroll of remove curse {unknown}
 n - a scroll of fear {unknown}
 q - a scroll of identify {unknown}
 r - a scroll of immolation {unknown}
Potions
 d - a potion of might
 o - a potion of agility {unknown}
 u - 2 potions of heal wounds {unknown}
 v - 2 potions of lignification {unknown}
Comestibles
 f - 2 bread rations
 p - 5 fruits
 w - 3 chunks of flesh


   Skills:
 - Level 2.4 Fighting
 - Level 2.0 Short Blades
 - Level 2.4 Armour
 * Level 2.3 Dodging
 + Level 0.3 Stealth
 - Level 2.4 Shields
 * Level 2.6 Spellcasting


You had 7 spell levels left.
You didn't know any spells.

Dungeon Overview and Level Annotations

Branches:
Dungeon (2/15)

Altars:


Message History

Here: a worm A club.
The floor.
You barely miss the worm. The worm bites you.
You hit the worm.
The worm is moderately wounded.
You hit the worm.
The worm is moderately wounded.
You block the worm's attack.
You hit the worm.
The worm is moderately wounded.
The worm bites you.
You hit the worm.
The worm is heavily wounded.
You hit the worm.
The worm is almost dead.
You hit the worm.
The worm is almost dead.
The worm bites you!
You die...

#............#####
#########.#.#.#.#.#.....#
#..................####.#
#.......#.#.#.#.#.## #.#
#..................# #.#
#.......#.#.#.#.#.## #.# ###
#..................# #.# #.#
#########.#.#.#.#.## #.# ..#
#.##.#....## #.# #.#
#.##.#....######.### #.#
#.w@......+......... #.#
#.##.#....###......# #.#
########.##.#....###.##.#.#
#.#
#.......>...)..............
#.#
#.######)##.#.######.##.#.#
#.# ###.#....#.#..#.#
#.##.#.# #.#
#.............#.# #.##.#.#
#.# #.#.#.##.#.#..#.#
#.##.#.# #.#
#.#.#.#..#.#..#.# #.##.#.#
#.# #.#.#.#..#.#..#.###
#.##.#.# #.#
#.#........#..#...####....#.#


You could see a worm.

Vanquished Creatures
  A worm (D:1)
  A giant gecko (D:1)
  4 giant cockroaches (D:1)
  4 goblins (D:1)
  5 hobgoblins (D:1)
  A quokka (D:2)
  A ball python (D:1)
  3 bats
  4 giant newts (D:1)
  5 kobolds (D:1)
  6 rats
35 creatures vanquished.

Notes
Turn   | Place    | Note
--------------------------------------------------------------
     0 | D:1      | CALLOUS the Deep Elf Fighter began the quest for the Orb.
     0 | D:1      | Reached XP level 1. HP: 13/13 MP: 3/3
   264 | D:1      | Reached skill level 1 in Spellcasting
   604 | D:1      | Reached XP level 2. HP: 14/18 MP: 7/7
   874 | D:1      | Reached skill level 1 in Dodging
  2242 | D:1      | Reached XP level 3. HP: 22/22 MP: 8/8
  2799 | D:1      | Slain by a worm

Skill      XL: |  1  2 |
---------------+-------+-----
Spellcasting   | 2 |  2.6
Dodging        | 2 |  2.3
Fighting       | |  2.4
Short Blades   | |  2.0
Armour         | |  2.4
Stealth        | |  0.3
Shields        | |  2.4

Action                   || total
-------------------------++-------
Melee: Rapier            ||   148
Throw: Stone             ||    83
  Eat: Chunk             ||     6
Armor: Scale mail        ||    10
       Leather armour    ||    16
Dodge: Dodged            ||    37
Block: Shield            ||    59
